 Dungeon Crawl Stone Soup version 0.31-a0-1127-ge7b2bbabab (webtiles) character file.

Game seed: 6753065692532188210

0 Velvalerian the Conjurer (level 1, 0/11 HPs)
             Began as an Octopode Conjurer on Dec 5, 2023.
             Slain by a hobgoblin (2 damage)
             ... on level 1 of the Dungeon.
             The game lasted 00:01:05 (63 turns).

Velvalerian the Conjurer (Octopode Conjurer)          Turns: 63, Time: 00:01:05

Health: 0/11       AC:  1    Str:  6    XL:     1   Next: 10%
Magic:  3/3        EV: 13    Int: 20    God:
Gold:   2          SH:  0    Dex: 10    Spells: 3/4 levels left

rFire   . . .        b - +0 spear
rCold   . . .        (no shield)
rNeg    . . .        (helmet restricted)
rPois   .            (no amulet)
rElec   .            (no ring)
rCorr   .            (no ring)
SInv    .            (no ring)
Will    .....        (no ring)
Stlth   +++          (no ring)
HPRegen 0.21/turn    (no ring)
MPRegen 0.08/turn    (no ring)
                     (no ring)

%: no passive effects
@: no status effects
A: almost no armour, amphibious, 8 rings, camouflage 1, gelatinous body 1,
(nimble swimmer 1), tentacles
a: no special abilities


You were on level 1 of the Dungeon.
You visited 1 branch of the dungeon, and saw 1 of its levels.

You collected 2 gold pieces.

Inventory:

Hand Weapons
 b - a +0 spear (weapon)
Potions
 a - a potion of magic


   Skills:
 + Level 2.0 Dodging
 + Level 2.6 Stealth
 + Level 2.0 Spellcasting
 + Level 4.0 Conjurations


You had 3 spell levels left.
You knew the following spells:

 Your Spells              Type           Power      Damage    Failure   Level
a - Magic Dart            Conj           72%        1d6       3%          1

Your spell library contained the following spells:

 Spells                   Type           Power      Damage    Failure   Level
 Searing Ray              Conj           36%        2d5       4%          2
 Dazzling Flash           Conj/Hex       20%        N/A       21%         3
 Fulminant Prism          Conj/Hex       5%         3d7       56%         4
 Iskenderun's Mystic Bla  Conj/Tloc      10%        2d4       56%         4


Dungeon Overview and Level Annotations

Branches:
Dungeon (1/15)

Altars:

Annotations:
D:1 1 transporter


Innate Abilities, Weirdness & Mutations

You cannot wear most types of armour.
You are amphibious.
You can wear up to eight rings at the same time.
Your skin changes colour to match your surroundings (Stealth+).
Your rubbery body absorbs attacks. (AC +1, EV +1)
((You are camouflaged when in or above water. (Stealth+)))
You have tentacles for arms and can constrict up to eight enemies at once.


Message History

Welcome, Velvalerian the Octopode Conjurer.
A smirking vizier told you that the Orb of Zot is just within this dungeon.
Press ? for a list of commands and other information.
Found a spear.
Found a staircase leading out of the dungeon.
Found a transporter.
Found a fizzy white potion.
Found 2 gold pieces.
A rat comes into view.
You aren't carrying any items that you can evoke.
You see here a +0 spear.
b - a +0 spear
b - a +0 spear (weapon)
You now have 2 gold pieces.
You hit the rat but do no damage. You grab the rat.
You constrict the rat, but do no damage.
The rat bites you but does no damage.
You hit the rat.
You kill the rat!
A hobgoblin comes into view.
The hobgoblin shouts!
You see here a fizzy white potion.
You hit the hobgoblin. Your grab misses the hobgoblin.
The hobgoblin is lightly wounded.
The hobgoblin closely misses you.
You hit the hobgoblin but do no damage. Your grab misses the hobgoblin.
The hobgoblin is lightly wounded.
The hobgoblin hits you. x2
* * * LOW HITPOINT WARNING * * *
You hit the hobgoblin. You grab the hobgoblin.
The hobgoblin is moderately wounded.
You constrict the hobgoblin, but do no damage.
The hobgoblin barely misses you.
You barely miss the hobgoblin.
The hobgoblin is moderately wounded.
You constrict the hobgoblin, but do no damage.
The hobgoblin hits you.
You die...

#................#####
#.....................
#.....................
#.....................
#............#+#######
#.........##......#
#.....#.#.#.......#
#.....##.#.#......#
#.....###<#.@g....###
#.....##©#.#!........
#.#########.###..##..
#..########## #.....
#.....##©.. .#...
#.....##.... #..#
#.....##. .. .
#......#. ##....##


You could see a hobgoblin.

Vanquished Creatures
  A rat (D:1)
1 creature vanquished.

Notes
Turn   | Place    | Note
-------+----------+-------------------------------------------
     0 | D:1      | Velvalerian the Octopode Conjurer began the quest for the
                  | Orb.
     0 | D:1      | Reached XP level 1. HP: 11/11 MP: 3/3
    63 | D:1      | Slain by a hobgoblin

Illustrated notes

Levels and vault maps discovered:
D:1:      spicycebolla_arrival_risky_transporter, layout_basic

Action                     || total
---------------------------++-------
  Melee: Spear             ||     6
         Constrict         ||     2
 Armour: Skin              ||     4
  Dodge: Dodged            ||     2

Table legend: (Time is in decaauts)
 A = Elapsed time spent in this place.
 B = Non-inter-level travel time spent in this place.
 C = Inter-level travel time spent in this place.
 D = Time resting spent in this place.
 E = Time spent auto-exploring this place.
 F = Levels seen in this place.
 G = Mean time per level.
                   A        B        C        D        E       F      G
               +--------+--------+--------+--------+--------+-----+--------+
         Total |     63 |     26 |     37 |      0 |      0 |   1 |   63.0 |
       Dungeon |     63 |     26 |     37 |      0 |      0 |   1 |   63.0 |
               +--------+--------+--------+--------+--------+-----+--------+

Top non-repeatable levels by time:
     D:1: 63 daAuts
